 Dungeon Crawl Stone Soup version 0.32-a0-646-g91cf321817 (webtiles) character file.

Game seed: 13552310514207357338

140 GordonOverkill the Sneak (level 5, -1/32 HPs)
             Began as a Deep Elf Delver on Mar 8, 2024.
             Slain by a gnoll
             ... wielding a +0 flail
              (3 damage)
             ... on level 1 of the Dungeon.
             The game lasted 00:07:23 (2872 turns).

GordonOverkill the Sneak (Deep Elf Delver)          Turns: 2872, Time: 00:07:24

Health: -1/32      AC:  4    Str:  9    XL:     5   Next: 2%
Magic:  8/11       EV: 12    Int: 17    God:
Gold:   203        SH:  0    Dex: 16    Spells: 7/10 levels left

rFire   . . .        a - +0 short sword
rCold   . . .        (no shield)
rNeg    . . .        b - +0 leather armour
rPois   .            (no helmet)
rElec   .            s - +0 cloak
rCorr   .            (no gloves)
SInv    .            (no boots)
Will    .....        (no amulet)
Stlth   +++          (no ring)
HPRegen 0.25/turn    (no ring)
MPRegen 0.12/turn

%: no passive effects
@: hasted, inugami summoned, very quick
A: no striking features
a: no special abilities


You were on level 1 of the Dungeon.
You visited 1 branch of the dungeon, and saw 6 of its levels.

You collected 203 gold pieces.

Inventory:

Hand Weapons
 a - a +0 short sword (weapon)
Armour
 b - a +0 leather armour (worn)
 s - a +0 cloak (worn)
Jewellery
 x - an amulet of reflection
Wands
 g - a wand of digging (3)
 j - a wand of flame (14)
Scrolls
 c - 2 scrolls of fog
 d - 2 scrolls of revelation
 e - 7 scrolls of identify {unknown}
 h - a scroll of vulnerability {unknown}
 l - a scroll of immolation {unknown}
 o - 3 scrolls of torment {unknown}
 p - a scroll of brand weapon {unknown}
 t - a scroll of fear
 y - a scroll of enchant armour {unknown}
Potions
 f - a potion of haste
 i - a potion of ambrosia {unknown}
 k - 2 potions of attraction {unknown}
 m - a potion of heal wounds {unknown}
 n - a potion of magic {unknown}
 q - 2 potions of brilliance {unknown}
 r - a potion of curing {unknown}
 u - a potion of mutation {unknown}
 v - a potion of lignification {unknown}
 w - a potion of resistance {unknown}


   Skills:
 - Level 3.0 Fighting
 - Level 2.0 Short Blades
 - Level 2.4 Dodging
 - Level 6.0 Stealth
 - Level 3.0 Spellcasting
 + Level 3.5 Summonings
 - Level 1.0 Fire Magic


You had 7 spell levels left.
You knew the following spells:

 Your Spells              Type           Power      Damage    Failure   Level
a - Call Canine Familiar  Summ           14%        N/A       17%         3

Your spell library contained the following spells:

 Spells                   Type           Power      Damage    Failure   Level
 Summon Small Mammal      Summ           56%        N/A       6%          1
 Summon Ice Beast         Ice/Summ       8%         N/A       34%         3
 Hailstorm                Conj/Ice       2%         3d5       58%         3
 Summon Blazeheart Golem  Fire/Summ      10%        N/A       67%         4
 Sculpt Simulacrum        Ice/Alch       1%         N/A       100%        6


Dungeon Overview and Level Annotations

Branches:
Dungeon (6/15)
 Temple: D:4-7

Altars:
Elyvilon
Gozag
Hepliaklqana


Message History

Nothing quivered!
You now have 188 gold pieces (gained 15).
You now have 203 gold pieces (gained 15).
A goblin comes into view. It is wielding a +0 dagger.
A goblin is nearby!
A goblin is nearby!
A goblin is nearby!
The goblin shouts!
You hear a shout!
A gnoll comes into view. It is wielding a +0 flail.
The goblin hits you with a +0 dagger.
You hit the goblin.
You kill the goblin!
A hobgoblin comes into view. It is wielding a +0 dagger.
The hobgoblin barely misses you.
You barely miss the hobgoblin.
The hobgoblin hits you with a +0 dagger.
Casting: Call Canine Familiar (quite dangerous; 17% risk of failure)
Confirm with . or Enter, or press ? or * to list all spells.
Okay, then.
Casting: Call Canine Familiar (quite dangerous; 17% risk of failure)
Confirm with . or Enter, or press ? or * to list all spells.
You call for your canine familiar and it appears with a howl!
The gnoll closely misses you.
The hobgoblin hits you with a +0 dagger.
The gnoll hits you with a +0 flail!
* * * LOW HITPOINT WARNING * * *
You hit the hobgoblin.
The hobgoblin is moderately wounded.
The gnoll misses you. The hobgoblin barely misses you.
You closely miss the hobgoblin.
The hobgoblin is moderately wounded.
The gnoll hits you with a +0 flail.
* * * LOW HITPOINT WARNING * * *
The hobgoblin closely misses you.
Your inugami hits the gnoll. The gnoll attacks as it pursues you!
The gnoll hits you with a +0 flail!
* * * LOW HITPOINT WARNING * * *
You feel yourself speed up.
Your inugami barely misses the gnoll.
The gnoll hits you with a +0 flail.
You die...

### ##.###########
############...........##
.......)@...?#...........
#....hg####...#######...
##....g.# #..## #.##
##.##......... ....# #
........### ###..#
##.#####.# #..# #.# #.#
#..# #.# ..# #... #.# .##
#


You could see a gnoll (ally target), a hobgoblin and a friendly inugami
(summoned).

Vanquished Creatures
  A sleepcap (D:5)
  4 adders
  3 dart slugs
  3 ribbon worms
  2 orcs (D:3)
  4 ball pythons
  4 bats
  3 endoplasms
  4 giant cockroaches
  5 goblins
  3 hobgoblins
  A jackal (D:1)
  A quokka (D:4)
  4 kobolds
  3 rats
45 creatures vanquished.

Vanquished Creatures (collateral kills)
  An adder (D:2)
  A ribbon worm (D:2)
  A giant cockroach (D:1)
  A hobgoblin (D:2)
  3 jackals (D:1)
7 creatures vanquished.

Grand Total: 52 creatures vanquished

Notes
Turn   | Place    | Note
-------+----------+-------------------------------------------
     0 | D:5      | GordonOverkill the Deep Elf Delver began the quest for the
                  | Orb.
     0 | D:5      | Reached XP level 1. HP: 13/13 MP: 3/3
     5 | D:6      | Noticed an iguana
     7 | D:6      | Reached XP level 2. HP: 19/19 MP: 4/4
   108 | D:5      | Reached skill level 1 in Spellcasting
   108 | D:5      | Reached skill level 1 in Summonings
   108 | D:5      | Reached skill level 1 in Fire Magic
   108 | D:5      | Reached XP level 3. HP: 8/23 MP: 4/7
   332 | D:4      | Learned a level 3 spell: Call Canine Familiar
   403 | D:4      | Noticed a phantom
  1079 | D:3      | Reached XP level 4. HP: 28/28 MP: 9/9
  1313 | D:3      | Found a white marble altar of Elyvilon.
  1509 | D:3      | Found an opulent altar of Gozag.
  1509 | D:3      | Found a hazy altar of Hepliaklqana.
  2731 | D:1      | Found a faded altar of an unknown god.
  2760 | D:1      | Reached XP level 5. HP: 14/32 MP: 6/11
  2872 | D:1      | Slain by a gnoll

Illustrated notes

Levels and vault maps discovered:
D:1:      dpeg_arrival_water_temple_mockup, layout_loops_ring,
          chequers_ecumenical_altar_simple
D:2:      kennysheep_big_flooded_room, layout_basic, serial_rivers,
          chequers_serial_rivers_micro_e, chequers_serial_rivers_room_b,
          chequers_serial_rivers_large_a, chequers_serial_rivers_room_b,
          chequers_serial_rivers_micro_d, chequers_serial_rivers_micro_b,
          corexii_leaking_fountain
D:3:      layout_basic, nicolae_overflow_two_pavilions,
          lemuel_coloured_pillars_altar
D:4:      layout_basic
D:5:      minmay_chambers_of_fours, layout_cave_pods, lemuel_round_altar,
          uniq_ijyb
D:6:      layout_basic, lemuel_blue_sif_altar, mainiacjoe_overflow_24_doors,
          uniq_eustachio

Skill      XL: |  1  2  3  4 |
---------------+-------------+-----
Fighting       | 3 |  3.0
Spellcasting   | 1 2 3 |  3.0
Summonings     | 1 2 3 |  3.5
Fire Magic     | 1 |  1.0
Short Blades   | |  2.0
Dodging        | |  2.4
Stealth        | |  6.0

Action                     |  1- 3 |  4- 6 || total
---------------------------+-------+-------++-------
  Melee: Short sword       |    75 |   107 ||   182
   Cast: Call Canine Famil |       |     6 ||     6
    Use: Scroll            |     1 |       ||     1
         Potion            |       |     1 ||     1
   Stab: Sleeping          |     8 |     8 ||    16
         Distracted        |       |     2 ||     2
 Armour: Leather armour    |    34 |    93 ||   127
  Dodge: Dodged            |    38 |    77 ||   115

Table legend: (Time is in decaauts)
 A = Elapsed time spent in this place.
 B = Non-inter-level travel time spent in this place.
 C = Inter-level travel time spent in this place.
 D = Time resting spent in this place.
 E = Time spent auto-exploring this place.
 F = Levels seen in this place.
 G = Mean time per level.
                   A        B        C        D        E       F      G
               +--------+--------+--------+--------+--------+-----+--------+
         Total |   2868 |   2757 |    111 |    476 |   1342 |   6 |  478.0 |
       Dungeon |   2868 |   2757 |    111 |    476 |   1342 |   6 |  478.0 |
               +--------+--------+--------+--------+--------+-----+--------+

Top non-repeatable levels by time:
     D:3: 1349 daAuts
     D:2: 874 daAuts
     D:5: 240 daAuts
     D:1: 226 daAuts
     D:4: 165 daAuts
     D:6: 12 daAuts
